 Dungeon Crawl Stone Soup version 0.29-a0-994-gc5c9f59d18 (webtiles) character file.

Game seed: 18016023660611634822

20 MisterAzrael the Magician (level 2, -1/15 HPs)
             Began as a Deep Elf Air Elementalist on Aug 3, 2022.
             Slain by a ball python (2 damage)
             ... on level 2 of the Dungeon.
             The game lasted 00:01:29 (993 turns).

MisterAzrael the Magician (DEAE)                     Turns: 993, Time: 00:01:30

Health: -1/15      AC:  2    Str:  5    XL:     2   Next: 58%
Magic:  1/8        EV: 10    Int: 19    God:
Gold:   40         SH:  0    Dex: 15    Spells: 4/7 levels left

rFire   . . .      SeeInvis .   g - staff of death
rCold   . . .      Faith    .   (no shield)
rNeg    + . .      Spirit   .   a - +0 robe
rPois   .          Reflect  .   (no helmet)
rElec   .          Harm     .   (no cloak)
rCorr   .          Rampage  .   (no gloves)
Will    .....                   (no boots)
Stlth   ++........              (no amulet)
HPRegen 0.05/turn               (no ring)
MPRegen 0.11/turn               (no ring)

@: very slightly contaminated, constricted
A: no striking features
a: no special abilities


You were on level 2 of the Dungeon.
You visited 1 branch of the dungeon, and saw 2 of its levels.

You collected 40 gold pieces.

Inventory:

Armour
 a - a +0 robe (worn)
Magical Staves
 g - a staff of death (weapon)
Jewellery
 i - an amulet of reflection
 j - a ring of protection from cold
Scrolls
 d - a scroll of fog {unknown}
 e - a scroll of blinking {unknown}
Potions
 b - a potion of magic
 c - a potion of haste {unknown}
 f - a potion of lignification {unknown}
 h - a potion of heal wounds {unknown}
 k - a potion of curing {unknown}


   Skills:
 + Level 2.8 Dodging
 + Level 2.8 Stealth
 + Level 3.3 Spellcasting
 + Level 1.5 Conjurations
 + Level 3.2 Air Magic


You had 4 spell levels left.
You knew the following spells:

 Your Spells              Type           Power      Damage    Failure   Level
a - Shock                 Conj/Air       48%        1d6       5%          1
b - Static Discharge      Conj/Air       12%        3-5/arc   9%          2

Your spell library contained the following spells:

 Spells                   Type           Power      Damage    Failure   Level
 Swiftness                Air            15%        N/A       12%         3
 Airstrike                Air            7%         2d(2-18)  36%         4
 Corpse Rot               Necr/Pois/Air  10%        N/A       67%         4
 Dispel Undead            Necr           4%         3d7       82%         4
 Death Channel            Necr           2%         N/A       100%        6


Dungeon Overview and Level Annotations

Branches:
Dungeon (2/15)

Altars:


Message History

The quokka is heavily wounded.
You are struck by an arc of lightning.
The quokka is struck by an arc of lightning.
You kill the quokka!
The lightning grounds out.
A ball python comes into view.
Casting: Static Discharge (safe; 9% risk of failure)
Confirm with . or Enter, or press ? or * to list all spells.
You miscast Static Discharge.
You are very lightly contaminated with residual magic.
Nothing appears to happen.
The ball python misses you. The ball python barely misses you.
Casting: Static Discharge (safe; 9% risk of failure)
Confirm with . or Enter, or press ? or * to list all spells.
You miscast Static Discharge.
Nothing appears to happen.
The ball python bites you. The ball python grabs you.
The ball python constricts you.
Casting: Static Discharge (safe; 9% risk of failure)
Confirm with . or Enter, or press ? or * to list all spells.
The ball python is struck by an arc of lightning.
You kill the ball python!
You are struck by an arc of lightning.
* * * LOW HITPOINT WARNING * * *
The lightning grounds out.
You start resting.
A ball python is nearby!
A ball python is nearby!
The ball python attacks as you move away!
The ball python bites you.
* * * LOW HITPOINT WARNING * * *
The ball python closely misses you.
Casting: Static Discharge (safe; 9% risk of failure)
Confirm with . or Enter, or press ? or * to list all spells.
You don't have enough magic to cast this spell.
The ball python attacks as you move away!
The ball python closely misses you. x2; The ball python grabs you.
The ball python constricts you.
The ball python's grasp on you weakens, but your attempt to escape fails.
The ball python bites you.
You die...

#... ....S#.#.# #..
.......#.##### #####.#
#†......# # ......#
###†##.....
....<.##########..##.....
#####....................
.......#########.###.....
######....# #S# ....
####.## ##@# ### ###....#
##..# ##...#### #..##
.#..### #.## ....### #.##
..#.†.# #..# #.###.####
##.## #. #....## #..# #
####..# ##.#


You could see a ball python.

Vanquished Creatures
  6 ball pythons
  3 endoplasms
  A giant cockroach (D:1)
  2 goblins (D:1)
  A quokka (D:2)
  A frilled lizard (D:1)
  3 kobolds (D:1)
  A rat (D:1)
18 creatures vanquished.

Notes
Turn   | Place    | Note
-------+----------+-------------------------------------------
     0 | D:1      | MisterAzrael the Deep Elf Air Elementalist began the quest
                  | for the Orb.
     0 | D:1      | Reached XP level 1. HP: 10/10 MP: 6/6
   351 | D:1      | Reached XP level 2. HP: 15/15 MP: 4/8
   643 | D:1      | Found a faded altar of an unknown god.
   643 | D:1      | Noticed a hellion
   648 | D:1      | Learned a level 2 spell: Static Discharge
   993 | D:2      | Slain by a ball python

Illustrated notes

Levels and vault maps discovered:
D:1:      spicycebolla_green_bress_n_ham_2, layout_loops_cross,
          dreamdust_ecumenical_altar_sealed_demon
D:2:      layout_rooms, minmay_tetromino_l4

Action                   || total
-------------------------++-------
Melee: Staff             ||     1
 Cast: Shock             ||    29
       Static Discharge  ||     5
Dodge: Dodged            ||     7

Table legend: (Time is in decaauts)
 A = Elapsed time spent in this place.
 B = Non-inter-level travel time spent in this place.
 C = Inter-level travel time spent in this place.
 D = Time resting spent in this place.
 E = Time spent auto-exploring this place.
 F = Levels seen in this place.
 G = Mean time per level.
                   A        B        C        D        E       F      G
               +--------+--------+--------+--------+--------+-----+--------+
         Total |    993 |    993 |      0 |      2 |    868 |   2 |  496.5 |
       Dungeon |    993 |    993 |      0 |      2 |    868 |   2 |  496.5 |
               +--------+--------+--------+--------+--------+-----+--------+

Top non-repeatable levels by time:
     D:1: 876 daAuts
     D:2: 117 daAuts
